 Dungeon Crawl Stone Soup version 0.20.1-1-g8b1a95d (webtiles) character file.

303471 equalderp2856 the Tortoise (level 20, -3/182 HPs)
             Began as a Minotaur Fighter on Aug 5, 2017.
             Killed from afar by a starcursed mass (12 damage)
             ... with an accursed screaming
             ... on level 3 of the Abyss.
             The game lasted 05:10:47 (77355 turns).

equalderp2856 the Tortoise (Minotaur Fighter)      Turns: 77355, Time: 05:10:48

Health: -3/182     AC: 37    Str: 32    XL:     20   Next: 24%
Magic:  0/33       EV: 12    Int:  7    God:
Gold:   3761       SH: 19    Dex: 17    Spells: 37/39 levels left

rFire    + . .     SeeInvis +   U - +2 broad axe (elec)
rCold    + + +     Gourm    .   V - +2 shield
rNeg     . . .     Faith    .   v - +6 plate armour "Boenn" {rC+ SInv}
rPois    +         Spirit   +   I - +2 hat
rElec    +         Reflect  .   S - +2 cloak
rCorr    +         Harm     .   X - +1 pair of gloves {Dex+3}
MR       +....                  h - +1 pair of boots {Fly}
Stlth    ..........             z - amulet of guardian spirit
Regen    0.4/turn               H - ring "Atsaorygg" {rC+ Str+4 Dex+2}
MPRegen  0.3/turn               O - ring of Equivalence {rCorr rPois rC+ Str+2}

@: resistant, flying, very slightly contaminated, starving, invisible
A: retaliatory headbutt, horns 2, subdued magic 1
}: 2/15 runes: serpentine, barnacled
a: Stop Flying


You were on level 3 of the Abyss.
You were starving.

You visited 6 branches of the dungeon, and saw 32 of its levels.
You visited the Abyss 2 times.
You also visited: Labyrinth, Bailey and Ice Cave.

You collected 4127 gold pieces.
You spent 366 gold pieces at shops.

Inventory:

Hand Weapons
 a - a +3 war axe
 n - a +2 battleaxe of freezing
 C - a +0 hand crossbow
 D - a +2 trident of piercing
 U - a +2 broad axe of electrocution (weapon)
Missiles
 b - 290 bolts
Armour
 h - a +1 pair of boots of flying (worn)
 v - the +6 plate armour "Boenn" (worn) {rC+ SInv}
   (You found it in a labyrinth)

   It protects you from cold.
   It lets you see invisible.
 y - a +1 robe of magic resistance
 I - a +2 hat (worn)
 Q - a +2 buckler
 R - a +0 large shield
 S - a +2 cloak (worn)
 V - a +2 shield (worn)
 X - a +1 pair of gloves of dexterity (worn)
Jewellery
 z - an amulet of guardian spirit (around neck)
 B - an uncursed ring of wizardry
 H - the ring "Atsaorygg" (left hand) {rC+ Str+4 Dex+2}
   (You found it on level 5 of the Dungeon)

   [ring of protection from cold]

   It affects your strength (+4).
   It affects your dexterity (+2).
   It protects you from cold.
 J - a +2 ring of strength
 N - a +4 ring of protection
 O - the ring of Equivalence (right hand) {rCorr rPois rC+ Str+2}
   (You found it on level 13 of the Dungeon)

   [ring of resist corrosion]

   It affects your strength (+2).
   It protects you from cold.
   It protects you from poison.
 Z - an uncursed ring of see invisible
Wands
 c - a wand of iceblast (9/15)
 o - a wand of acid (6/15)
 u - a wand of disintegration (16/24)
 M - a wand of lightning (3/15)
 P - a wand of disintegration (1/24)
Scrolls
 r - a scroll of recharging
 s - 20 scrolls of identify
 t - 23 scrolls of remove curse
 w - a scroll of enchant armour
 E - 3 scrolls of fog
 T - a scroll of amnesia
Potions
 l - 3 potions of haste
 m - 2 potions of resistance
 q - a potion of invisibility
 F - 4 potions of ambrosia
 G - 2 potions of berserk rage
 L - a potion of might
 Y - a potion of agility
Books
 i - a book of Debilitation

   Spells                             Type                      Level
   a - Corona                         Hexes                        1
   b - Slow                           Hexes                        2
   c - Inner Flame                    Hexes/Fire                   3
   d - Portal Projectile              Hexes/Translocation          3
   e - Cause Fear                     Hexes                        4
   f - Leda's Liquefaction            Hexes/Earth                  4
Miscellaneous
 d - a lightning rod (1/4)
 e - a fan of gales
 k - a phial of floods
 A - a lamp of fire
 W - a box of beasts
Comestibles
 f - 17 bread rations
 g - 27 royal jellies
 j - 11 meat rations


   Skills:
 - Level 16.7 Fighting
 + Level 20.2(20.8) Axes
 * Level 9.4(16.0) Polearms
 - Level 20.5 Armour
 - Level 4.8 Dodging
 - Level 2.7 Stealth
 - Level 18.2 Shields
 - Level 10.2 Spellcasting
 - Level 5.4 Charms
 - Level 4.0 Air Magic
 - Level 5.3 Evocations


You had 37 spell levels left.
You knew the following spells:

 Your Spells              Type           Power        Failure   Level  Hunger
a - Swiftness             Chrm/Air       #.......     11%         2    ##.....


Dungeon Overview and Level Annotations

Branches:
Dungeon (15/15)            Temple (0/1) D:5            Lair (6/6) D:11
 Shoals (4/4) Lair:2        Snake (4/4) Lair:4        Slime (0/5) Lair:6
    Orc (2/2) D:10            Elf (0/3) Orc:2        Vaults (1/5) D:13
 Depths (0/5) D:15

Altars:
Ashenzari
Dithmenos
Fedhas
Kikubaaqudgha
Makhleb
Nemelex Xobeh
Qazlal
Sif Muna
Jiyva

Shops:
D:8 %!   Orc:2 !}(([   Shoals:2 *%***   Snake:1 }[((

Annotations:
Snake:3 1 transporter
Vaults:1 exclusion: orange crystal statue


Innate Abilities, Weirdness & Mutations

You reflexively headbutt those who attack you in melee.
You have a pair of horns on your head.
Your spells are a little easier to cast, but a little less powerful.


Message History

The blink frog gives a loud, deep croak!
You slash the raiju!
You kill the raiju!
You catch the helpless insubstantial wisp completely off-guard!
You slice the insubstantial wisp!!
You destroy the insubstantial wisp!
The starcursed mass shrieks in your mind.
* * * LOW HITPOINT WARNING * * *
The blink frog gives a loud, deep croak!
A starcursed mass splits.
The blink frog gives a loud, deep croak! x2
A starcursed mass splits. x2
A chorus of shrieks assaults your mind.
* * * LOW HITPOINT WARNING * * *
The blink frog gives a loud, deep croak!
The blink frog gives a loud, deep croak!
You hear a bellow!
A starcursed mass splits.
A deafening chorus of shrieks assaults your mind!
You die...

. x #
################
≈
##.....#....†∩#
. #.
......XXXX#[.Z.#
#...F..#X? #.
#.## . . #.
#..#.### § .# v
♣c #.#.#
.#.###$≈ X## q
#....##F#.m# .#.
Q ≈##.X@##
?#..#≈ c #
##X##..#. #. ♣
#.≈≈ ## #. .. #≈
#. # ## v #### #
. ## . ≈ . #. ≈
## # # #


You could see 5 starcursed masses and a blink frog (wandering).

Vanquished Creatures
  Vashnia (Snake:2)
  2 liches (Abyss:3)
  Jorgrun (Snake:1)
  The ghost of ZomBoFoB the Bludgeoner, an adept OgGl of the Shining One (Snake:4)
  Rupert (D:14)
  2 krakens
  An acid blob (Lair:6)
  2 tentacled starspawn
  A tengu reaver (Abyss:3)
  13 nagarajas
  A draconian monk (Abyss:3)
  Ilsuiw (Shoals:4)
  A frost giant (IceCv)
  Aizul (Shoals:1)
  2 vault wardens (Vaults:1)
  2 ironheart preservers (Vaults:1)
  Nessos (Orc:2)
  An eidolon (Abyss:1)
  A dire elephant (Lair:6)
  Azrael (Orc:2)
  A minotaur (Lab)
  An ettin (D:15)
  7 merfolk impalers
  6 merfolk javelineers
  2 fire dragons
  3 vault guards
  8 hydras
  20 naga warriors
  A rakshasa (Abyss:3)
  Erolcha (Orc:2)
  5 merfolk avatars
  2 satyrs (Shoals:4)
  Erica (D:8)
  A catoblepas (D:15)
  A centaur warrior (D:15)
  5 merfolk aquamancers
  2 death knights
  20 anacondas
  8 two-headed ogres
  5 death yaks
  16 naga sharpshooters
  3 thrashing horrors
  A deep troll earth mage (Vaults:1)
  4 orc high priests
  8 shock serpents
  2 wretched stars (Abyss:1)
  A sun demon (Abyss:1)
  2 sixfirhies (Abyss:1)
  A fire crab (shapeshifter) (Vaults:1)
  A fire crab (Lair:6)
  4 unseen horrors
  4 deep trolls
  5 salamander mystics
  7 skeletal warriors
  8 sea snakes
  12 starcursed masses
  A phantasmal warrior (Vaults:1)
  A deep elf archer (D:15)
  Pikel (D:5)
  The ghost of ConnectionFaild the Carver, a novice OpFi of Dithmenos (D:9)
  A lindwurm (Lair:6)
  5 orc knights
  A flayed ghost (Vaults:1)
  5 naga ritualists
  A wizard (D:13)
  3 oklob plants
  7 harpies (Shoals:1)
  An ironbrand convoker (Vaults:1)
  2 necromancers (D:13)
  16 fauns
  6 mana vipers
  2 wolf spiders (Vaults:1)
  9 ugly things
  4 orc sorcerers
  4 deep elf magi
  A worldbinder (Abyss:3)
  14 salamanders
  12 merfolk sirens
  21 manticores
  43 black mambas
  10 cyclopes
  3 elephants
  15 guardian serpents
  3 torpor snails
  A black mamba (shapeshifter) (D:15)
  A smoke demon (Abyss:1)
  5 water nymphs
  An ice statue (IceCv)
  2 apocalypse crabs
  24 naga magi
  3 vault sentinels (Vaults:1)
  Psyche (D:8)
  Maurice (D:13)
  5 gargoyles
  12 spiny frogs
  4 yaktaurs (Vaults:1)
  An efreet (Abyss:1)
  6 rime drakes
  11 komodo dragons
  An ancient zyme (Abyss:3)
  A freezing wraith (D:15)
  A kobold demonologist (D:12)
  3 meliai
  A merfolk (shapeshifter) (D:13)
  26 polar bears
  A queen bee (D:9)
  A tengu conjurer (D:15)
  11 wind drakes
  37 merfolk
  5 trolls
  Grinder (D:5)
  26 dream sheep
  9 snapping turtles
  4 hornets
  15 blink frogs
  15 hippogriffs
  14 raiju
  4 wraiths
  Sigmund (D:6)
  A wyvern (D:10)
  7 water elementals
  21 humans
  88 yaks
  A neqoxec (Abyss:3)
  2 shadows
  Grum (D:8)
  6 basilisks
  3 fire elementals
  10 fire bats
  A chaos spawn (Abyss:1)
  Eustachio (D:6)
  3 hogs (D:10)
  3 hungry ghosts
  2 vampire mosquitoes (D:12)
  55 nagas
  11 wargs
  4 insubstantial wisps (Abyss:3)
  8 small abominations
  A soldier ant (D:11)
  23 hell hounds
  2 acid dragons
  7 porcupines
  18 water moccasins
  44 orc warriors
  5 sky beasts
  13 black bears
  14 ice beasts
  6 large abominations (Abyss:1)
  A slave (D:5)
  An eye of draining (D:14)
  9 phantoms
  11 ogres
  3 boggarts (Vaults:1)
  6 centaurs
  47 wolves
  18 crocodiles
  2 big kobolds
  25 bullfrogs
  A gnoll sergeant (D:10)
  5 scorpions
  A water moccasin skeleton (D:8)
  A human simulacrum (Vaults:1)
  35 killer bees
  24 wights
  9 electric eels
  11 crimson imps
  5 centaur zombies
  6 howler monkeys
  2 quasits
  11 hounds
  3 jellies
  3 bullfrog skeletons
  40 orc priests
  2 centaur skeletons
  6 iguanas
  A gnoll shaman (D:6)
  49 orc wizards
  10 worker ants
  3 hound skeletons
  A howler monkey zombie (D:10)
  27 gnolls
  13 adders
  6 shadow imps
  2 ufetubi
  2 adder skeletons
  2 worms (D:4)
  2 dart slugs (D:3)
  6 leopard geckos
  101 orcs
  4 ball pythons
  3 giant cockroaches
  9 goblins
  6 hobgoblins
  12 jackals
  27 kobolds
  4 quokkas
  5 bats
  3 frilled lizards
  2 leopard gecko skeletons
  A quokka skeleton (D:5)
  9 rats
  4 fungi
  8 plants
  A starspawn tentacle (Abyss:1)
  7 tentacles
1643 creatures vanquished.

Vanquished Creatures (others)
  A lich (Abyss:1)
  A tentacled starspawn (Abyss:1)
  A hydra (Lair:5)
  An orc high priest (Orc:2)
  A large abomination (Abyss:1)
  A mana viper (Snake:2)
  A water nymph (Abyss:3)
  2 smoke demons (Abyss:1)
  An ancient zyme (Abyss:1)
  A hydra zombie (Abyss:1)
  2 slaves
  A neqoxec (Abyss:1)
  3 small abominations (Abyss:1)
  An orc warrior (D:6)
  A black bear (D:6)
  2 starcursed masses (Abyss:3)
  A worker ant (D:6)
  A tengu simulacrum (Abyss:1)
  A white imp (Abyss:1)
  2 orcs (D:6)
  14 fungi
  A lurking horror (Abyss:1)
  22 plants
  6 starspawn tentacles
  30 tentacles
99 creatures vanquished.

Grand Total: 1742 creatures vanquished

Notes
Turn   | Place    | Note
-------+----------+-------------------------------------------
     0 | D:1      | equalderp2856 the Minotaur Fighter began the quest for the Orb.
     0 | D:1      | Reached XP level 1. HP: 19/19 MP: 0/0
   150 | D:1      | Reached XP level 2. HP: 19/27 MP: 1/1
   727 | D:2      | Reached XP level 3. HP: 33/33 MP: 2/2
   778 | D:2      | You fall through a shaft!
  1472 | D:2      | Reached XP level 4. HP: 40/40 MP: 3/3
  2377 | D:4      | Reached XP level 5. HP: 24/47 MP: 4/4
  2675 | D:4      | Reached skill level 5 in Armour
  2681 | D:4      | Reached skill level 5 in Axes
  2681 | D:4      | Reached skill level 5 in Shields
  2681 | D:4      | Reached XP level 6. HP: 29/53 MP: 5/5
  2770 | D:4      | Reached skill level 5 in Fighting
  2913 | D:4      | Found a blossoming altar of Fedhas.
  2913 | D:4      | Found a shadowy altar of Dithmenos.
  3353 | D:5      | Entered Level 5 of the Dungeon
  3354 | D:5      | Found a staircase to the Ecumenical Temple.
  3364 | D:5      | Noticed Grinder
  3382 | D:4      | Reached XP level 7. HP: 28/61 MP: 6/6
  3715 | D:5      | Killed Grinder
  3715 | D:5      | Reached skill level 1 in Dodging
  3819 | D:5      | Reached XP level 8. HP: 48/69 MP: 7/7
  3951 | D:5      | Got a crude marble ring
  4258 | D:5      | Got a pitted dagger
  4278 | D:5      | Got a brightly glowing leather armour
  4425 | D:6      | Noticed Pikel
  4443 | D:5      | Killed Pikel
  4443 | D:5      | Reached skill level 1 in Stealth
  4552 | D:6      | Noticed Eustachio
  4571 | D:6      | Killed Eustachio
  4584 | D:6      | Found a shattered altar of Ashenzari.
  4719 | D:6      | Reached XP level 9. HP: 42/77 MP: 8/8
  5538 | D:6      | Found a burning altar of Makhleb.
  5546 | D:6      | Reached skill level 10 in Axes
  5842 | D:6      | Noticed Sigmund
  5854 | D:6      | Killed Sigmund
  6124 | D:6      | Found a deep blue altar of Sif Muna.
  6380 | D:6      | Identified the ring "Atsaorygg" {rC+ Str+4 Dex+2} (You found it on level 5 of the Dungeon)
  6579 | D:7      | Found a stormy altar of Qazlal.
  7294 | D:7      | Found a sparkling altar of Nemelex Xobeh.
  7445 | D:7      | Reached XP level 10. HP: 86/86 MP: 9/9
  7648 | D:8      | Noticed Psyche
  7663 | D:8      | Killed Psyche
  7704 | D:8      | Noticed Grum
  7726 | D:8      | Killed Grum
  8140 | D:8      | Found Lilesar's Food Shop.
  8214 | D:8      | Noticed Erica
  8224 | D:8      | Killed Erica
  8227 | D:8      | Found a sparkling altar of Nemelex Xobeh.
  8253 | D:8      | Found Fecuefy's Distillery.
  8256 | D:8      | Bought a potion of mutation for 96 gold pieces
  9117 | D:9      | Noticed ConnectionFaild's ghost (novice OpFi)
  9270 | D:9      | Killed ConnectionFaild's ghost
  9270 | D:9      | Reached skill level 1 in Spellcasting
  9468 | D:9      | Reached XP level 11. HP: 70/95 MP: 12/12
  9518 | D:9      | Noticed a two-headed ogre
  9529 | D:9      | Killed a two-headed ogre
  9633 | D:9      | Noticed a two-headed ogre
  9656 | D:9      | Killed a two-headed ogre
  9936 | D:9      | HP: 3/95 [killer bee (5)]
  9941 | D:9      | HP: 1/95 [poisoned by a killer bee]
  9946 | D:9      | HP: 1/142 [poisoned by a killer bee]
  9953 | D:9      | HP: 1/142 [poisoned by a killer bee]
  9961 | D:9      | HP: 2/142 [poisoned by a killer bee]
 10883 | D:10     | Entered Level 10 of the Dungeon
 11015 | D:10     | Killed an unseen horror
 11015 | D:10     | Reached skill level 10 in Armour
 11276 | D:10     | Got a smoking ivory ring
 11291 | D:10     | Identified the ring "Zanaihosh" {*Tele rF+ Dex+2} (You found it on level 10 of the Dungeon)
 12370 | D:10     | Found a staircase to the Orcish Mines.
 12832 | D:11     | Reached skill level 10 in Shields
 13038 | D:11     | Reached XP level 12. HP: 65/106 MP: 14/16
 13500 | D:11     | Reached skill level 10 in Fighting
 13900 | D:11     | Reached skill level 1 in Evocations
 15332 | D:11     | Found a staircase to the Lair.
 15507 | Lair:1   | Entered Level 1 of the Lair of Beasts
 15529 | Lair:1   | Noticed a seven-headed hydra
 15567 | Lair:1   | Killed a seven-headed hydra
 15581 | Lair:1   | Reached skill level 15 in Axes
 16910 | D:11     | Noticed a two-headed ogre
 16918 | D:11     | Killed a two-headed ogre
 18070 | D:12     | Noticed a two-headed ogre
 18085 | D:12     | Killed a two-headed ogre
 18813 | D:12     | Reached XP level 13. HP: 101/116 MP: 19/19
 19549 | D:13     | Noticed Maurice
 19586 | D:13     | Killed Maurice
 19612 | D:13     | Got a slimy bone ring
 19687 | D:13     | Paralysed by a hornet for 2 turns
 19845 | D:13     | Noticed a fire dragon
 19857 | D:13     | Killed a fire dragon
 20155 | D:13     | Reached skill level 5 in Spellcasting
 20293 | D:13     | Found a gate to the Vaults.
 20691 | Lair:1   | Identified the ring of Equivalence {rCorr rPois rC+ Str+2} (You found it on level 13 of the Dungeon)
 22047 | Lair:2   | Found a labyrinth entrance.
 22089 | Lab      | Entered a labyrinth
 25287 | Lab      | Noticed a minotaur
 25299 | Lab      | Killed a minotaur
 25304 | Lab      | Got a flickering amethyst amulet
 25312 | Lab      | Identified the amulet of Xom's Castigation {Faith rC+ Str+3} (You found it in a labyrinth)
 25317 | Lab      | Got a faintly humming plate armour
 25328 | Lab      | Identified the +6 plate armour "Boenn" {rC+ SInv} (You found it in a labyrinth)
 25979 | Lair:2   | Found a stormy altar of Qazlal.
 26372 | Lair:2   | Found a staircase to the Shoals.
 28590 | Lair:2   | Reached XP level 14. HP: 127/127 MP: 21/21
 28922 | Lair:4   | Found a frozen archway.
 28987 | IceCv    | Entered an ice cave
 29526 | IceCv    | Noticed a frost giant
 29550 | IceCv    | Killed a frost giant
 30309 | Lair:4   | Found a staircase to the Snake Pit.
 32505 | Lair:5   | Reached skill level 1 in Polearms
 32969 | Lair:6   | Entered Level 6 of the Lair of Beasts
 33277 | Lair:6   | Reached XP level 15. HP: 122/137 MP: 21/24
 33878 | Lair:6   | Noticed an acid blob
 33888 | Lair:6   | Killed an acid blob
 34168 | Lair:6   | Found a viscous altar of Jiyva.
 34174 | Lair:6   | Found a staircase to the Slime Pits.
 36376 | Lair:5   | Got a heavily runed scale mail
 36942 | Lair:1   | Identified the +5 scale mail "Hekusemp" {rPois MR+ Slay-5} (You found it on level 5 of the Lair of Beasts)
 38444 | Orc:1    | Entered Level 1 of the Orcish Mines
 38560 | Orc:1    | Found a flagged portal.
 38586 | Bailey   | Entered a bailey
 39972 | Orc:2    | Entered Level 2 of the Orcish Mines
 40086 | Orc:2    | Noticed Azrael
 40257 | Orc:2    | Killed Azrael
 40679 | Orc:2    | Noticed Erolcha
 40687 | Orc:2    | Found a staircase to the Elven Halls.
 40688 | Orc:2    | Cast into level 1 of the Abyss (Erolcha)
 40950 | Abyss:1  | Noticed a tentacled starspawn
 40964 | Abyss:1  | Killed a tentacled starspawn
 40964 | Abyss:1  | Reached skill level 15 in Armour
 41037 | Abyss:1  | Reached XP level 16. HP: 93/117 MP: 17/23
 41379 | Abyss:1  | Reached skill level 15 in Shields
 41687 | Abyss:1  | Killed a lich
 41884 | Abyss:1  | Killed a tentacled starspawn
 41965 | Orc:2    | Escaped the Abyss
 42261 | Orc:2    | Killed Erolcha
 43501 | Orc:2    | Found Leymur's Distillery.
 43506 | Orc:2    | Noticed Nessos
 43535 | Orc:2    | Killed Nessos
 43535 | Orc:2    | Reached skill level 15 in Fighting
 44035 | Orc:2    | Found Teihos's Gadget Shoppe.
 44035 | Orc:2    | Found Cuaj's Antique Weapon Shoppe.
 44039 | Orc:2    | Found Paddyfod's Antique Armour Emporium.
 44042 | Orc:2    | Found Tyfoij's Antique Weapon Emporium.
 44109 | Orc:2    | Bought a pair of glowing boots for 270 gold pieces
 47041 | D:15     | Entered Level 15 of the Dungeon
 47307 | D:15     | Noticed Rupert
 47327 | D:14     | Killed Rupert
 47851 | D:15     | Found a staircase to the Depths.
 49604 | Shoals:1 | Entered Level 1 of the Shoals
 50184 | Shoals:1 | Noticed Aizul
 50201 | Shoals:1 | Killed Aizul
 50235 | Shoals:1 | Reached XP level 17. HP: 75/158 MP: 23/28
 50888 | Shoals:2 | Found Siagidol's Assorted Antiques.
 50908 | Shoals:2 | Found Boczoav's General Store.
 50948 | Shoals:2 | Found Qutorof's Food Shoppe.
 51442 | Shoals:2 | Found Tyidif's Assorted Antiques.
 51553 | Shoals:2 | Found Ygafutz's General Store.
 52512 | Shoals:3 | Noticed a kraken
 52709 | Shoals:3 | Killed a kraken
 54290 | Shoals:4 | Entered Level 4 of the Shoals
 54848 | Shoals:4 | Noticed Ilsuiw
 55450 | Shoals:4 | Noticed a kraken
 55501 | Shoals:4 | HP: 5/159 [water nymph/the raging water (23)]
 56613 | Shoals:4 | Killed Ilsuiw
 57072 | Shoals:4 | Killed a kraken
 57512 | Shoals:4 | Got a barnacled rune of Zot
 57709 | Shoals:4 | Reached skill level 5 in Evocations
 57855 | Shoals:4 | Reached XP level 18. HP: 168/168 MP: 30/30
 58433 | Orc:1    | Got a smoking dagger
 58445 | Orc:1    | Identified the +6 dagger "Kigequri" {elec, Str+3} (You found it on level 1 of the Orcish Mines)
 59803 | Shoals:2 | Got a faintly glowing hunting sling
 60710 | Shoals:3 | Identified the cursed +0 hunting sling of Cisoc {venom, rPois rN+ Str-5} (You found it on level 2 of the Shoals)
 63311 | Lair:1   | Learned a level 2 spell: Swiftness
 64354 | Snake:1  | Entered Level 1 of the Snake Pit
 64428 | Snake:1  | Found Uteok's Antique Weapon Emporium.
 64430 | Snake:1  | Found Voaneisk's Weapon Emporium.
 64430 | Snake:1  | Found Cuguih's Gadget Shoppe.
 64434 | Snake:1  | Found Fukop's Armour Shoppe.
 64511 | Snake:1  | Found an ancient bone altar of Kikubaaqudgha.
 64559 | Snake:1  | Got a faintly glowing trident
 64885 | Snake:1  | Reached skill level 1 in Charms
 64885 | Snake:1  | Reached skill level 1 in Air Magic
 65669 | Snake:2  | Noticed Vashnia
 65754 | Snake:2  | Killed Vashnia
 65992 | Snake:2  | Noticed Jorgrun
 66022 | Snake:1  | Killed Jorgrun
 67164 | Snake:3  | Reached skill level 10 in Spellcasting
 67436 | Snake:3  | Found a transporter.
 68357 | Snake:4  | Entered Level 4 of the Snake Pit
 69034 | Snake:4  | Reached XP level 19. HP: 155/174 MP: 30/32
 69095 | Snake:4  | Noticed ZomBoFoB's ghost (adept OgGl)
 70877 | Snake:4  | Killed ZomBoFoB's ghost
 72526 | Snake:4  | Reached skill level 5 in Charms
 73527 | Snake:4  | Got a serpentine rune of Zot
 74519 | Snake:4  | Identified the +1 trident of the Silent Majority {pain, Str-4 Int+2 Dex+3} (You found it on level 1 of the Snake Pit)
 74985 | Snake:3  | Found a deep blue altar of Sif Muna.
 75415 | Snake:1  | Got an ancient rapier
 75416 | Snake:1  | Identified the +6 rapier of Context {flame, rC+} (You found it on level 1 of the Snake Pit)
 76095 | Vaults:1 | Entered Level 1 of the Vaults
 76325 | Vaults:1 | Reached skill level 5 in Polearms
 77138 | Vaults:1 | Reached XP level 20. HP: 168/182 MP: 29/33
 77169 | Vaults:1 | Cast into level 3 of the Abyss (a deep elf sorcerer)
 77306 | Abyss:3  | Gained mutation: Your spells are a little easier to cast, but a little less powerful. [a neqoxec]
 77315 | Abyss:3  | HP: 8/182 [tengu reaver/bolt of lightning (7)]
 77353 | Abyss:3  | HP: 8/182 [starcursed mass/accursed screaming (4)]
 77355 | Abyss:3  | Killed from afar by a starcursed mass

Skill      XL: |  1  2  3  4  5  6  7  8  9 10 11 12 13 14 15 16 17 18 19 20 |
---------------+-------------------------------------------------------------+-----
Armour         | 4 5 6 7 8 9 10 11 13 15 16 17 19 20 | 20.5
Fighting       | 4 5 6 7 8 9 11 12 13 14 15 16 | 16.7
Shields        | 4 5 6 7 8 10 11 12 13 14 16 17 18 | 18.2
Axes           | 3 4 5 7 9 11 13 14 15 16 17 18 19 20 | 20.2
Dodging        | 1 2 3 4 |  4.8
Stealth        | 1 2 |  2.7
Spellcasting   | 1 3 4 5 6 7 8 9 10 | 10.2
Evocations     | 1 2 5 |  5.3
Polearms       | 2 3 7 9 |  9.4
Charms         | 3 5 |  5.4
Air Magic      | 3 4 |  4.0

Action                   |  1- 3 |  4- 6 |  7- 9 | 10-12 | 13-15 | 16-18 | 19-21 || total
-------------------------+-------+-------+-------+-------+-------+-------+-------++-------
Melee: War axe           |    90 |   131 |   300 |   827 |  1481 |  2085 |   662 ||  5576
       Headbutt          |    11 |    26 |    57 |   198 |   517 |   699 |   292 ||  1800
       Spear             |       |       |       |     8 |       |       |       ||     8
       Trident           |       |       |       |     2 |    88 |       |    10 ||   100
       Broad axe         |       |       |       |       |       |       |   174 ||   174
 Fire: Shortbow          |       |       |       |    23 |       |       |       ||    23
 Cast: Swiftness         |       |       |       |       |       |       |     2 ||     2
 Abil: Stop Flying       |       |       |       |       |       |     1 |       ||     1
       Evoke Flight      |       |       |       |       |       |     1 |       ||     1
Evoke: Wand              |       |       |     2 |    13 |     9 |     4 |       ||    28
       Lamp of fire      |       |       |       |       |     2 |     1 |       ||     3
       Lightning rod     |       |       |       |       |       |     3 |       ||     3
  Use: Scroll            |       |       |     2 |     4 |    15 |    13 |     5 ||    39
       Potion            |       |       |       |     7 |     9 |    11 |     7 ||    34
 Stab: Confused          |       |       |     1 |       |       |       |       ||     1
       Paralysed         |       |       |       |       |       |     2 |       ||     2
       Distracted        |       |       |       |       |       |     1 |       ||     1
       Invisible         |       |       |       |       |       |       |     6 ||     6
  Eat: Chunk             |     1 |     6 |    14 |    34 |    48 |    56 |     5 ||   164
       Fruit             |       |       |       |     5 |     8 |     8 |       ||    21
       Royal jelly       |       |       |       |     1 |     7 |     9 |     1 ||    18
       Meat ration       |       |       |       |       |       |     2 |     1 ||     3
       Bread ration      |       |       |       |       |       |       |     3 ||     3
Armor: Scale mail        |    46 |       |       |       |       |       |       ||    46
       Chain mail        |    18 |    80 |   102 |       |       |       |       ||   200
       Plate armour      |       |       |    19 |   407 |   680 |   879 |   399 ||  2384
       Robe              |       |       |       |       |       |     1 |       ||     1
Dodge: Dodged            |    42 |    39 |    70 |   181 |   419 |   481 |   245 ||  1477
Block: Shield            |    60 |    94 |   151 |   467 |   896 |     2 |   312 ||  1982
       Large shield      |       |       |       |       |   302 |  1978 |   703 ||  2983
       Buckler           |       |       |       |       |       |   132 |       ||   132
